 Dungeon Sprint DCSS version 0.27-a0-860-gaf99fae3ca (webtiles) character file.

Game seed: 10201383332909256348

15636 rocky1 the Geomancer (level 12, -1/103 HPs)
             Began as a Black Draconian Earth Elementalist on Apr 2, 2021.
             Was a High Priest of Sif Muna.
             Splashed by an ancient lich's acid (14 damage)
             ... in the Dungeon (Sprint VII: "The Pits").
             The game lasted 00:26:41 (3629 turns).

rocky1 the Geomancer (DrEE)                         Turns: 3629, Time: 00:26:42

Health: -1/103     AC:  8    Str: 11    XL:     12   Next: 3%
Magic:  14/28      EV: 14    Int: 21    God:    Sif Muna [*****.]
Gold:   34         SH:  5    Dex: 11    Spells: 4/35 levels left

rFire    + . .     SeeInvis .   a - +0 long sword (flame)
rCold    . . .     Faith    .   k - +0 buckler
rNeg     . . .     Spirit   .   (armour unavailable)
rPois    .         Reflect  .   (helmet restricted)
rElec    +         Harm     .   v - +0 cloak
rCorr    .         Rampage  .   (no gloves)
Will     .....     NoTele   +   (no boots)
Stlth    ++........             (no amulet)
HPRegen  0.27/turn              n - +3 ring of protection
MPRegen  0.21/turn              D - ring of protection from fire

@: corroded
A: breathe lightning, AC +8, unfitting armour, electricity resistance,
cold-blooded
a: Breathe Lightning, Renounce Religion, Channel Magic, Forget Spell, Divine
Exegesis


You were in the Dungeon.
You worshipped Sif Muna.
Sif Muna was extremely pleased with you.
You visited 1 branch You collected 34 gold pieces.

Inventory:

Hand Weapons
 a - a +0 long sword of flaming (weapon)
 b - a +0 quarterstaff of protection
 r - the +4 quarterstaff of Midsummer {venom, *Slow rF+ Int+6}
   (You found it in the Dungeon)

   It poisons the flesh of those it strikes.
   It affects your intelligence (+6).
   It protects you from fire.
   It may slow you when you take damage.
 s - a +2 scimitar of freezing
 A - the +7 hand crossbow "Juemifidd" {flame, Str+4}
   (You found it in the Dungeon)

   It causes projectiles fired from it to burn those they strike, causing extra
   injury to most foes and up to half again as much damage against particularly
   susceptible opponents.
   It affects your strength (+4).
Missiles
 l - 12 stones
Armour
 k - a +0 buckler (worn)
 v - a +0 cloak (worn)
Jewellery
 n - a +3 ring of protection (left hand)
 B - a ring of protection from fire
 D - a ring of protection from fire (right hand)
Scrolls
 h - 2 scrolls of fog
 i - 5 scrolls of amnesia
 j - a scroll of summoning
 w - 4 scrolls of identify
 y - a scroll of fear
 z - 2 scrolls of enchant weapon
Potions
 c - 11 potions of curing
 d - 7 potions of heal wounds
 e - 4 potions of haste
 f - 4 potions of magic
 g - 3 potions of berserk rage
 m - 2 potions of invisibility
 p - a potion of might
 q - 2 potions of mutation
 u - a potion of lignification
 x - a potion of brilliance
 E - a potion of ambrosia


   Skills:
 + Level 8.4 Fighting
 - Level 3.7 Long Blades
 - Level 3.7 Staves
 + Level 7.3 Dodging
 - Level 1.7 Stealth
 - Level 6.0 Shields
 + Level 12.2 Spellcasting
 + Level 7.7 Conjurations
 + Level 7.9 Transmutations
 + Level 12.0 Air Magic
 + Level 14.0 Earth Magic
 + Level 11.7 Invocations


You had 4 spell levels left.
You knew the following spells:

 Your Spells              Type           Power      Damage    Failure   Level
a - Sandblast             Erth           100%       2d20      0%          1
b - Stone Arrow           Conj/Erth      100%       3d13      1%          3
c - Lee's Rapid Deconstr  Erth           32%        3d17*     1%          5
d - Petrify               Tmut/Erth      56%        N/A       1%          4
e - Shock                 Conj/Air       100%       1d9       1%          1
f - Statue Form           Tmut/Erth      37%        N/A       9%          6
g - Conjure Ball Lightni  Conj/Air       26%        3x3d7     14%         6
h - Lightning Bolt        Conj/Air       26%        1d42      2%          5

Your spell library contained the following spells:

 Spells                   Type           Power      Damage    Failure   Level
 Foxfire                  Conj/Fire      100%       2x1d9     1%          1
 Magic Dart               Conj           100%       1d8       1%          1
 Sting                    Tmut/Pois      100%       1d8       1%          1
 Corpse Rot               Necr/Air       N/A        N/A       1%          2
 Passwall                 Tmut/Erth      46%        N/A       1%          2
 Poisonous Vapours        Pois/Air       76%        N/A       1%          2
 Searing Ray              Conj           90%        3d6       1%          2
 Wereblood                Tmut           46%        N/A       1%          2
 Mephitic Cloud           Conj/Pois/Air  40%        N/A       1%          3
 Static Discharge         Conj/Air       53%        N/A       1%          3
 Dazzling Flash           Conj/Hex       58%        N/A       3%          3
 Leda's Liquefaction      Hex/Erth       21%        N/A       3%          4
 Ignite Poison            Fire/Tmut/Pois 23%        N/A       5%          3
 Sublimation of Blood     Necr           6%         N/A       8%          2
 Ice Form                 Ice/Tmut       29%        N/A       10%         4
 Hailstorm                Conj/Ice       29%        3d8       11%         4
 Sticky Flame             Conj/Fire      29%        2d5       11%         4
 Hydra Form               Tmut           23%        N/A       5%          5
 Irradiate                Conj/Tmut      22%        3d21      6%          5
 Bolt of Magma            Conj/Fire/Erth 21%        4d11      8%          5
 Iron Shot                Conj/Erth      27%        9d6       9%          6
 Silence                  Hex/Air        19%        N/A       12%         5
 Alistair's Intoxication  Tmut/Pois      19%        N/A       28%         5
 Fireball                 Conj/Fire      14%        3d8       28%         5
 Blade Hands              Tmut           23%        N/A       30%         6
 Agony                    Necr           12%        N/A       82%         5
 Eringya's Noxious Bog    Tmut/Pois      14%        N/A       83%         6
 Dragon Form              Tmut           23%        N/A       86%         7
 Orb of Destruction       Conj           22%        9d9       87%         7
 Lehudib's Crystal Spear  Conj/Erth      27%        10d7      98%         8
 Chain Lightning          Conj/Air       26%        N/A       99%         8
 Simulacrum               Ice/Necr       6%         N/A       100%        6
 Spellforged Servitor     Conj/Summ      14%        N/A       100%        7
 Ignition                 Fire           6%         3d4       100%        8
 Necromutation            Tmut/Necr      14%        N/A       100%        8
 Shatter                  Erth           32%        3d26*     100%        9
 Tornado                  Air            29%        N/A       100%        9
 Animate Armour           Summ/Erth      Unusable   N/A       N/A         4

Dungeon Overview and Level Annotations

Branches:
Dungeon (1/1)

Altars:
Ashenzari
Cheibriados
Dithmenos
Elyvilon
Fedhas
Gozag
Hepliaklqana
Kikubaaqudgha
Makhleb
Nemelex Xobeh
Okawaru
Qazlal
Ru
Sif Muna
Trog
Uskayaw
Vehumet
Wu Jian
Xom
Yredelemnul
Zin
The Shining One
Beogh
Jiyva
Lugonu


Innate Abilities, Weirdness & Mutations

You can breathe wild blasts of lightning.
Your glossy black scales are hard. (AC +8)
You cannot fit into any form of body armour.
You are resistant to electric shocks. (rElec)
You are cold-blooded and may be slowed by cold attacks.


Message History

Aiming: Lee's Rapid Deconstruction (mildly dangerous; 1% risk of failure)
Press: ? - help, Dir - move target A metal wall.
Okay, then.
Aiming: Lehudib's Crystal Spear
Press: ? - help, Shift-Dir - straight line, f - you
Okay, then.
Cast which spell? (? or * to list)
Aiming: Lee's Rapid Deconstruction (mildly dangerous; 1% risk of failure)
Press: ? - help, Dir - move target A metal wall.
The metal wall shatters!
The blast of metal fragments hits the ancient lich but does no damage.
The ancient lich is lightly damaged.
Unknown command.
You hear a mighty clap of thunder!
The lightning arc hits the ancient lich!
The ancient lich resists.
The ancient lich is lightly damaged.
The lightning arc hits you. You resist.
The lightning arc hits the ancient lich.
The ancient lich resists.
The ancient lich is lightly damaged.
The lightning arc hits you. You resist.
The lightning arc grounds out.
Aiming: Lehudib's Crystal Spear
Press: ? - help, Shift-Dir - straight line, f - ancient lich
Aim: an ancient lich (lightly damaged, 18% to evade)
The crystal spear misses the ancient lich.
Aiming: Lehudib's Crystal Spear
Press: ? - help, Shift-Dir - straight line, f/p - ancient lich
Aim: an ancient lich (lightly damaged, 18% to evade)
The crystal spear hits the ancient lich!!!
The ancient lich is heavily damaged.
You feel less invigorated.
The ancient lich points at you and mumbles some strange words.
The bolt of acid hits you!!!
Ouch! That really hurt!
* * * LOW HITPOINT WARNING * * *
The acid corrodes you!
You are splashed with acid!
You die...

### _.# _.#
..###########++##########
#'##................##..#
'.##......#..#......##..#
#.##................''..#
...'............@L..)'..#########
####......#..#......##..........)
..##................##...........
))#####'#####''##################
))##.......##''############ #####
.)##.......##......'..'...###....
[[##.......##......'..).....##...
'###...<...##.....##..##.....##..
..##.......##.).###....###....#..


You could see an ancient lich.

Vanquished Creatures
  A white draconian (D)
  Harold (D)
  An ogre mage (D)
  A vault guard (D)
  A sea snake (D)
  An orc knight (D)
  A phantasmal warrior (D)
  An ugly thing (D)
  A wolf spider (D)
  2 manticores (D)
  An orc sorcerer (D)
  An elephant (D)
  A guardian serpent (D)
  Maurice (D)
  4 gargoyles (D)
  A smoke demon (D)
  A rime drake (D)
  A hellwing (D)
  A kobold demonologist (D)
  A komodo dragon (D)
  A demonic crawler (D)
  A freezing wraith (D)
  A guardian mummy (D)
  A red devil (D)
  2 tyrant leeches (D)
  3 slime creatures (D)
  4 blink frogs (D)
  A flying skull (D)
  2 redbacks (D)
  Sigmund (D)
  A shadow (D)
  A tarantella (D)
  A wyvern (D)
  A fire bat (D)
  A steam dragon (D)
  A warg (D)
  A floating eye (D)
  An ice beast (D)
  A black bear (D)
  An ogre (D)
  6 wolves (D)
  2 phantoms (D)
  2 centaurs (D)
  A gnoll sergeant (D)
  A scorpion (D)
  5 killer bees (D)
  A quasit (D)
  An iron imp (D)
  An orc priest (D)
  A gnoll shaman (D)
  Jessica (D)
  An iguana (D)
  A mummy (D)
  An adder (D)
  9 gnolls (D)
  3 orcs (D)
  3 bats (D)
  An endoplasm (D)
  3 jackals (D)
  A quokka (D)
  2 ball pythons (D)
  A frilled lizard (D)
  A jackal zombie (D)
  4 kobolds (D)
  A quokka zombie (D)
  2 rats (D)
107 creatures vanquished.

Notes
Turn   | Place    | Note
-------+----------+-------------------------------------------
     0 | D        | rocky1 the Draconian Earth Elementalist began the quest for
                  | the Orb.
     0 | D        | Reached XP level 1. HP: 14/14 MP: 3/3
    52 | D        | Found a bloodstained altar of Trog.
    52 | D        | Found a shimmering blue altar of Sif Muna.
    52 | D        | Found a viscous altar of Jiyva.
    52 | D        | Found a hazy altar of Hepliaklqana.
    52 | D        | Found an opulent altar of Gozag.
    53 | D        | Found a glowing golden altar of the Shining One.
    53 | D        | Found a glowing silver altar of Zin.
    53 | D        | Found a basalt altar of Yredelemnul.
    53 | D        | Found a shimmering altar of Xom.
    53 | D        | Found an ornate altar of the Wu Jian Council.
    53 | D        | Found a sacrificial altar of Ru.
    53 | D        | Found a stormy altar of Qazlal.
    53 | D        | Found an iron altar of Okawaru.
    53 | D        | Found a sparkling altar of Nemelex Xobeh.
    53 | D        | Found a burning altar of Makhleb.
    53 | D        | Found a blossoming altar of Fedhas.
    53 | D        | Found a white marble altar of Elyvilon.
    53 | D        | Found a shadowy altar of Dithmenos.
    53 | D        | Found a snail-covered altar of Cheibriados.
    56 | D        | Found a corrupted altar of Lugonu.
    56 | D        | Found a radiant altar of Vehumet.
    57 | D        | Found an ancient bone altar of Kikubaaqudgha.
    57 | D        | Found a hide-covered altar of Uskayaw.
    57 | D        | Found a broken altar of Ashenzari.
    58 | D        | Became a worshipper of Sif Muna the Loreminder
    77 | D        | Reached skill level 4 in Earth Magic
   101 | D        | Reached * piety under Sif Muna
   103 | D        | Reached skill level 5 in Earth Magic
   103 | D        | Reached XP level 2. HP: 20/20 MP: 3/5
   134 | D        | Noticed a black bear
   139 | D        | Reached ** piety under Sif Muna
   154 | D        | Killed a black bear
   155 | D        | Reached skill level 9 in Earth Magic
   155 | D        | Reached XP level 3. HP: 26/26 MP: 2/6
   155 | D        | Reached XP level 4. HP: 33/33 MP: 2/7
   218 | D        | Learned a level 3 spell: Stone Arrow
   286 | D        | Reached *** piety under Sif Muna
   288 | D        | Reached skill level 10 in Earth Magic
   295 | D        | Reached XP level 5. HP: 38/38 MP: 6/8
   295 | D        | Reached **** piety under Sif Muna
   296 | D        | Reached skill level 11 in Earth Magic
   301 | D        | Noticed Jessica
   327 | D        | Killed Jessica
   328 | D        | Reached XP level 6. HP: 20/45 MP: 1/13
   548 | D        | Noticed a flying skull
   562 | D        | Killed a flying skull
   562 | D        | Reached ***** piety under Sif Muna
   563 | D        | Reached skill level 12 in Earth Magic
   710 | D        | Learned a level 5 spell: Lee's Rapid Deconstruction
   715 | D        | Learned a level 4 spell: Petrify
   720 | D        | Noticed a warg
   721 | D        | Killed a warg
   722 | D        | Reached skill level 13 in Earth Magic
   722 | D        | Your scales start taking on a glossy black colour.
   722 | D        | Reduced skill Earth Magic to level 11
   722 | D        | Reached XP level 7. HP: 50/50 MP: 10/17
   722 | D        | Gained mutation: You are resistant to electric shocks.
                  | (rElec) [Black Draconian growth]
   772 | D        | Paralysed by a floating eye for 3 turns
   777 | D        | Reached skill level 1 in Fighting
   777 | D        | Reached skill level 1 in Long Blades
   777 | D        | Reached skill level 1 in Staves
   777 | D        | Reached skill level 1 in Shields
   777 | D        | Reached skill level 1 in Conjurations
   777 | D        | Reached skill level 1 in Invocations
   778 | D        | Noticed a fire bat
   779 | D        | Killed a fire bat
   779 | D        | Identified Hivviezi's Almanac of Black Secrets and Clay
                  | (Sif Muna gifted it to you in the Dungeon)
   779 | D        | Received a gift from Sif Muna
   848 | D        | Noticed a gargoyle
   851 | D        | Killed a gargoyle
   852 | D        | Reached XP level 8. HP: 63/63 MP: 3/19
   885 | D        | Got the +4 quarterstaff of Midsummer {venom, *Slow rF+
                  | Int+6}
   948 | D        | Noticed an elephant
   954 | D        | Killed an elephant
   954 | D        | Identified Heajoih's Guide on Toxins and Feathers (Sif Muna
                  | gifted it to you in the Dungeon)
   954 | D        | Received a gift from Sif Muna
   958 | D        | Learned a level 1 spell: Shock
  1073 | D        | Noticed a smoke demon
  1074 | D        | Noticed Maurice
  1083 | D        | Killed a smoke demon
  1084 | D        | Reached skill level 5 in Invocations
  1084 | D        | Reached XP level 9. HP: 57/71 MP: 10/21
  1090 | D        | Reached skill level 12 in Earth Magic
  1095 | D        | Killed Maurice
  1095 | D        | Received a gift from Sif Muna
  1096 | D        | Reached skill level 5 in Air Magic
  1197 | D        | Noticed Harold
  1207 | D        | Killed Harold
  1208 | D        | Reached skill level 10 in Spellcasting
  1535 | D        | Noticed a phantasmal warrior
  1535 | D        | Noticed a demonic crawler
  1539 | D        | Reached ****** piety under Sif Muna
  1540 | D        | Killed a phantasmal warrior
  1540 | D        | Identified Eqiazunk's Handbook of Shifting Cold (Sif Muna
                  | gifted it to you in the Dungeon)
  1540 | D        | Received a gift from Sif Muna
  1540 | D        | Noticed a gargoyle
  1541 | D        | Reached XP level 10. HP: 47/78 MP: 3/24
  1548 | D        | Killed a gargoyle
  1549 | D        | Reached skill level 13 in Earth Magic
  1929 | D        | Noticed a gargoyle
  1929 | D        | Noticed a cyan ugly thing
  1929 | D        | Noticed a vault guard
  1934 | D        | Identified Sif Muna's Volume of the Hurtful Frostbite (Sif
                  | Muna gifted it to you in the Dungeon)
  1934 | D        | Received a gift from Sif Muna
  1937 | D        | Killed a gargoyle
  1937 | D        | Killed a vault guard
  1937 | D        | Noticed Sigmund
  1937 | D        | Noticed a guardian serpent
  1938 | D        | Reached skill level 5 in Fighting
  1938 | D        | Reached skill level 5 in Transmutations
  1938 | D        | Reached skill level 10 in Invocations
  1938 | D        | Noticed a sea snake
  1939 | D        | Noticed a gargoyle
  1939 | D        | Noticed a manticore
  1939 | D        | Noticed a manticore
  1951 | D        | Killed a manticore
  1952 | D        | Reached skill level 5 in Dodging
  1952 | D        | Reached skill level 5 in Shields
  1952 | D        | Reached skill level 5 in Conjurations
  1952 | D        | Reached skill level 10 in Air Magic
  1952 | D        | Killed a manticore
  1952 | D        | Received a gift from Sif Muna
  1953 | D        | Reached XP level 11. HP: 63/89 MP: 10/26
  1955 | D        | Killed a cyan ugly thing
  2081 | D        | Killed a sea snake
  2322 | D        | Killed Sigmund
  2496 | D        | Identified Sif Muna's Reference Book on Shifting Dark Rites
                  | (Sif Muna gifted it to you in the Dungeon)
  2496 | D        | Received a gift from Sif Muna
  2506 | D        | Learned a level 6 spell: Statue Form
  2606 | D        | Got the +7 hand crossbow "Juemifidd" {flame, Str+4}
  2773 | D        | Noticed an orc sorcerer
  2774 | D        | Noticed an orc knight
  2781 | D        | Killed an orc knight
  2781 | D        | Identified Sif Muna's Grimoire of Transmutation (Sif Muna
                  | gifted it to you in the Dungeon)
  2781 | D        | Received a gift from Sif Muna
  2784 | D        | Killed an orc sorcerer
  3016 | D        | Noticed a white draconian
  3023 | D        | Killed a white draconian
  3023 | D        | Identified Sif Muna's Grimoire of Arcane Weapons (Sif Muna
                  | gifted it to you in the Dungeon)
  3023 | D        | Received a gift from Sif Muna
  3238 | D        | Learned a level 6 spell: Conjure Ball Lightning
  3407 | D        | Noticed a wolf spider
  3410 | D        | Killed a wolf spider
  3410 | D        | Received a gift from Sif Muna
  3534 | D        | Learned a level 5 spell: Lightning Bolt
  3538 | D        | Noticed a storm dragon
  3538 | D        | Noticed an ettin
  3538 | D        | Noticed an ancient lich
  3538 | D        | Noticed a lich
  3538 | D        | Noticed a vampire mage
  3542 | D        | Noticed an ogre mage
  3543 | D        | Noticed a lich
  3624 | D        | Killed an ogre mage
  3625 | D        | Reached skill level 14 in Earth Magic
  3625 | D        | Reached XP level 12. HP: 79/103 MP: 26/28
  3629 | D        | Splashed by an ancient lich's acid

Illustrated notes

Levels and vault maps discovered:
D:        pitsprint [storerooms_1, entrance_room_1, metal_vault_4, armoury_1,
          mini_pit_1, grid_room_1, main_hall_1, silver_pit, the_coven_2,
          the_vestibule_1, steel_vault_1, golden_pit, hallway_of_sentries,
          crystal_vault_5, iron_vault_2, final_vault]

Skill      XL: |  1  2  3  4  5  6  7  8  9 10 11 |
---------------+----------------------------------+-----
Earth Magic    | 5 9 10 11 11 12 13 14 | 14.0
Spellcasting   | 4 7 8 10 11 12 | 12.2
Fighting       | 3 4 5 8 |  8.4
Long Blades    | 2 3 |  3.7
Staves         | 2 3 |  3.7
Dodging        | 3 4 5 7 |  7.3
Shields        | 3 5 6 |  6.0
Conjurations   | 2 3 5 7 |  7.7
Invocations    | 3 5 8 10 11 | 11.7
Transmutations | 3 4 5 7 |  7.9
Air Magic      | 2 8 10 12 | 12.0
Stealth        | |  1.7

Action                   |  1- 3 |  4- 6 |  7- 9 | 10-12 || total
-------------------------+-------+-------+-------+-------++-------
Melee: Falchion          |    10 |       |       |       ||    10
       Tailslap          |     3 |       |     1 |     2 ||     6
       Long sword        |       |    15 |     6 |    24 ||    45
 Cast: Sandblast         |     5 |    21 |     1 |     1 ||    28
       Lee's Rapid Decon |       |     1 |    27 |    70 ||    98
       Stone Arrow       |       |       |     3 |     1 ||     4
       Statue Form       |       |       |       |     1 ||     1
       Lehudib's Crystal |       |       |       |     2 ||     2
       Chain Lightning   |       |       |       |     1 ||     1
Invok: Channel Magic     |       |       |     3 |    10 ||    13
       Divine Exegesis   |       |       |       |     3 ||     3
 Abil: Breathe Lightning |       |       |     1 |     2 ||     3
  Use: Potion            |       |     3 |     1 |     4 ||     8
       Scroll            |       |       |       |     3 ||     3
 Stab: Sleeping          |     2 |       |     1 |     1 ||     4
Armor: Skin              |     4 |    13 |     4 |    17 ||    38
Dodge: Dodged            |     9 |    16 |    12 |    39 ||    76
Block: Buckler           |       |     2 |     2 |    12 ||    16
       Rpst.: Falchion   |     4 |       |       |       ||     4
       Long sword        |       |     5 |     3 |    13 ||    21

Table legend: (Time is in decaauts)
 A = Elapsed time spent in this place.
 B = Non-inter-level travel time spent in this place.
 C = Inter-level travel time spent in this place.
 D = Time resting spent in this place.
 E = Time spent auto-exploring this place.
 F = Levels seen in this place.
 G = Mean time per level.
                   A        B        C        D        E       F      G
               +--------+--------+--------+--------+--------+-----+--------+
         Total |   3638 |   3588 |     50 |   2421 |      0 |   1 | 3638.0 |
       Dungeon |   3638 |   3588 |     50 |   2421 |      0 |   1 | 3638.0 |
               +--------+--------+--------+--------+--------+-----+--------+

Top non-repeatable levels by time:
       D: 3638 daAuts
